 Dungeon Crawl Stone Soup version 0.31-a0-175-g9f7f995f2b (webtiles) character file.

Game seed: 9633124307548721715

118 qw the Chopper (level 5, 0/32 HPs)
             Began as a Gargoyle Fighter on June 16, 2023.
             Slain by an orc priest
             ... wielding a +0 mace
              (1 damage)
             ... on level 3 of the Dungeon.
             The game lasted 00:01:09 (1658 turns).

qw the Chopper (Gargoyle Fighter)                   Turns: 1658, Time: 00:01:09

Health: 0/32       AC: 10    Str: 22    XL:     5   Next: 2%
Magic:  5/5        EV:  9    Int:  8    God:
Gold:   101        SH:  4    Dex:  9    Spells: 4/4 levels left

rFire   . . .        Y - +0 broad axe
rCold   . . .        c - +0 buckler
rNeg    + + .        b - +0 scale mail
rPois   inf          (no helmet)
rElec   +            (no cloak)
rCorr   .            (no gloves)
SInv    .            (no boots)
Will    .....        (no amulet) Stlth
                     e - ring of positive energy
HPRegen 0.25/turn    (no ring)
MPRegen 0.09/turn

%: no passive effects
@: no status effects
A: sickness immunity, AC +4, negative energy resistance 1, electricity
resistance, torment resistance 1, petrification resistance
a: no special abilities


You were on level 3 of the Dungeon.
You visited 1 branch of the dungeon, and saw 3 of its levels.

You collected 101 gold pieces.


Innate Abilities, Weirdness & Mutations

You are immune to sickness and miasma.
Your stone body is resilient. (AC +4)
You are immune to poison.
You resist negative energy. (rN+)
You are resistant to electric shocks. (rElec)
You are resistant to unholy torment.
You are immune to petrification.


   Skills:
 - Level 3.2 Fighting
 + Level 4.5 Axes
 - Level 3.2 Armour
 - Level 3.2 Shields


You had 4 spell levels left.
You didn't know any spells.
Your spell library was empty.

Inventory:

Hand Weapons
 a - a +0 flail
 Y - a +0 broad axe (weapon)
Missiles
 f - 3 boomerangs (quivered)
Armour
 b - a +0 scale mail (worn)
 c - a +0 buckler (worn)
Jewellery
 e - a ring of positive energy (left hand)
Scrolls
 i - a scroll of identify
Potions
 d - a potion of might
 j - a potion of haste {unknown}

Dungeon Overview and Level Annotations

Branches:
Dungeon (3/15)

Altars:
Cheibriados


Message History

The orc hits you but does no damage.
You barely miss the orc.
The orc is heavily wounded.
You hit the orc but do no damage.
The orc is heavily wounded.
You closely miss the orc priest. The orc barely misses you.
The orc priest closely misses you. You block the orc priest's attack.
The orc barely misses you.
You barely miss the orc.
The orc is heavily wounded.
You barely miss the orc priest. The orc hits you with a +0 hand axe.
The orc priest invokes the aid of Beogh against you.
You barely resist. You hit the orc but do no damage.
The orc is heavily wounded.
You barely miss the orc priest. The orc closely misses you.
The orc priest invokes the aid of Beogh against you.
Beogh smites you! The orc hits you with a +0 hand axe.
The orc priest looks braver for a moment.
You barely miss the orc.
The orc is heavily wounded.
You hit the orc priest. The orc closely misses you.
The orc priest hits you with a +0 mace.
You hit the orc.
You kill the orc!
You closely miss the orc priest. The orc priest hits you with a +0 mace.
You hit the orc priest.
The orc priest is heavily wounded.
You block the orc priest's attack.
The orc priest hits you but does no damage.
You closely miss the orc priest.
The orc priest is heavily wounded.
You hit the orc priest.
The orc priest is almost dead.
You hit the orc but do no damage. The orc hits you with a +0 club.
The orc priest hits you with a +0 mace.
You die...

...........# #..
....8...8..##..#
...........$#..####
.....oooo }#.....##
...o..... #.....#.
#..8...8. #.....#.
#o....... ##....##.
#o#########........
#o@.........<..#.#.
#########....###.#.
#.........'...#.
#.........#%#.#.
#......#.##.#...
#......#.##.#...
#......#.# .#>..
#......#.# ..
#......#.# ##


You could see an orc priest and 2 orcs.

Vanquished Creatures
  A howler monkey zombie (D:2)
  4 adders
  2 adder skeletons (D:2)
  2 dart slugs
  2 orcs
  7 bats
  2 bat zombies (D:2)
  5 endoplasms
  A giant cockroach (D:2)
  4 goblins
  5 hobgoblins
  3 quokkas
  5 ball pythons
  A ball python skeleton (D:2)
  5 frilled lizards
  6 kobolds
  A quokka skeleton (D:2)
  A quokka zombie (D:2)
  4 rats
61 creatures vanquished.

Notes
Turn   | Place    | Note
-------+----------+-------------------------------------------
     0 | D:1      | qw the Gargoyle Fighter began the quest for the Orb.
     0 | D:1      | Reached XP level 1. HP: 14/14 MP: 1/1
     0 | D:1      | 0 ||| qw: Version: 0.2-a-29-g511e9b1
     0 | D:1      | 0 ||| qw: Game counter: 5734
     0 | D:1      | 0 ||| qw: Always use a shield: true
     0 | D:1      | 0 ||| qw: God list: Okawaru
     0 | D:1      | 0 ||| qw: Allow faded altars: false
     0 | D:1      | 0 ||| qw: Do Orc after D:15 true
     0 | D:1      | 0 ||| qw: Do second Lair branch before Depths: true
     0 | D:1      | 0 ||| qw: Lair rune preference: random
     0 | D:1      | 0 ||| qw: Plans: Normal, Zot:1-4, Slime:5, God:TSO, Crypt,
                  | Tomb, Abyss, Pan, Hells, Win
     0 | D:1      | 0 ||| PLANNING D:1-11
    30 | D:1      | Reached skill level 2 in Axes
   115 | D:1      | Reached XP level 2. HP: 17/19 MP: 2/2
   191 | D:1      | 191 ||| Stepping ~*~*~tactically~*~*~ (hiding).
   194 | D:1      | 194 ||| Stepping ~*~*~tactically~*~*~ (hiding).
   537 | D:1      | Reached skill level 3 in Axes
   733 | D:1      | Reached XP level 3. HP: 18/23 MP: 3/3
   823 | D:1      | 823 ||| READING scroll labelled KAZUBEREAG.
   827 | D:1      | 827 ||| READING scroll labelled FIH GUDAXZESH.
   828 | D:1      | 828 ||| READING scroll labelled HITAMM OZAAHU.
   829 | D:1      | 829 ||| READING scroll labelled WAGHEU JEFEUC.
   881 | D:2      | 881 ||| STAIRDANCE
   893 | D:2      | Found a snail-covered altar of Cheibriados.
   916 | D:2      | 916 ||| Stepping ~*~*~tactically~*~*~ (stealth).
   917 | D:2      | 917 ||| Stepping ~*~*~tactically~*~*~ (stealth).
   918 | D:2      | 918 ||| Stepping ~*~*~tactically~*~*~ (stealth).
   937 | D:2      | 937 ||| Stepping ~*~*~tactically~*~*~ (stealth).
   938 | D:2      | 938 ||| Stepping ~*~*~tactically~*~*~ (stealth).
   950 | D:2      | 950 ||| UPGRADING to +0 broad axe.
   951 | D:2      | 951 ||| DROPPING +0 war axe.
  1086 | D:2      | Reached XP level 4. HP: 28/28 MP: 4/4
  1109 | D:2      | 1109 ||| Stepping ~*~*~tactically~*~*~ (stealth).
  1167 | D:2      | Found a faded altar of an unknown god.
  1210 | D:2      | 1210 ||| Stepping ~*~*~tactically~*~*~ (stealth).
  1220 | D:2      | Reached skill level 4 in Axes
  1253 | D:2      | 1253 ||| Stepping ~*~*~tactically~*~*~ (stealth).
  1437 | D:2      | 1437 ||| Stepping ~*~*~tactically~*~*~ (stealth).
  1498 | D:2      | 1498 ||| UPGRADING to ring of positive energy.
  1499 | D:2      | 1499 ||| READING scroll labelled CYWNIASETU.
  1500 | D:2      | 1500 ||| DRINKING 2 bubbling black potions.
  1501 | D:2      | 1501 ||| DROPPING potion of enlightenment.
  1573 | D:3      | 1573 ||| DROPPING +0 whip.
  1630 | D:3      | Reached XP level 5. HP: 31/32 MP: 5/5
  1645 | D:3      | 1645 ||| Stepping ~*~*~tactically~*~*~ (stealth).
  1647 | D:3      | 1647 ||| Stepping ~*~*~tactically~*~*~ (hiding).
  1654 | D:3      | HP: 7/32 [orc priest/+0 mace (2)]
  1658 | D:3      | HP: 1/32 [orc/+0 club (4)]
  1658 | D:3      | Slain by an orc priest

Levels and vault maps discovered:
D:1:      dpeg_arrival_tiny_f, layout_rooms, kennysheep_small_spiral
D:2:      layout_rooms, shapermc_ecumenical_altar_mp_ritualfount, basic_altar,
          serial_undead, serial_undead_c, serial_undead_d, serial_undead_c,
          serial_undead_f, serial_undead_a, serial_undead_a
D:3:      cheibrodos_pilgrimage, layout_basic, dk_noncrumbling_4,
          chequers_serial_rivers_room_a

Skill      XL: |  1  2  3  4 |
---------------+-------------+-----
Axes           | 2 3 4 |  4.5
Fighting       | |  3.2
Armour         | |  3.2
Shields        | |  3.2

Action                     |  1- 3 |  4- 6 || total
---------------------------+-------+-------++-------
  Melee: War axe           |   111 |       ||   111
         Broad axe         |    21 |    80 ||   101
  Throw: Boomerang         |       |     3 ||     3
    Use: Scroll            |     4 |     1 ||     5
         Potion            |       |     1 ||     1
 Armour: Scale mail        |    83 |    38 ||   121
  Dodge: Dodged            |    60 |    46 ||   106
  Block: Buckler           |    26 |    15 ||    41

Table legend:
 A = Non-vault XP
 B = Vault XP
 C = Vault XP percentage of total XP
 D = Non-vault monster count
 E = Vault monster count
 F = Vault count percentage of total count
                 A         B        C        D         E       F
            +---------+---------+-------+---------+---------+-------
      Total |     133 |      36 |  21.3 |      52 |       9 |  14.8
            +---------+---------+-------+---------+---------+-------
        D:1 |      48 |       0 |   0.0 |      22 |       0 |   0.0
        D:2 |      69 |      33 |  32.4 |      27 |       8 |  22.9
        D:3 |      16 |       3 |  15.8 |       3 |       1 |  25.0
            +---------+---------+-------+---------+---------+-------
